 Dungeon Crawl Stone Soup version 0.30.1 (webtiles) character file.

Game seed: 6087497132935502246

478 jtron the Cudgeller (level 6, -8/76 (93) HPs)
             Began as a Troll Berserker on July 12, 2023.
             Was a Priest of Trog.
             Mangled by Duvessa
             ... wielding a +0 short sword
              (15 damage)
             ... on level 4 of the Dungeon.
             The game lasted 00:07:21 (3079 turns).

jtron the Cudgeller (Troll Berserker)               Turns: 3079, Time: 00:07:21

HP:   -8/76 (93)    AC:  4    Str: 28    XL:     6   Next: 86%
MP:   5/5           EV: 10    Int:  3    God:    Trog [***...]
Gold: 293           SH:  0    Dex:  9    Spells: 5/5 levels left

rFire   . . .        a - +0 flail
rCold   . . .        (no shield)
rNeg    . . .        v - +0 robe
rPois   .            f - +0 hat
rElec   .            (no cloak)
rCorr   .            (gloves unavailable)
SInv    .            (boots unavailable)
Will    .....        t - amulet of regeneration Stlth
                     (no ring)
HPRegen 1.92/turn    (no ring)
MPRegen 0.09/turn

%: no passive effects
@: berserking, heavily drained, very quick
A: large, unfitting armour, claws 3, regeneration 1, shaggy fur 1, tough skin 1
a: Renounce Religion, Berserk, Trog's Hand


You were on level 4 of the Dungeon.
You worshipped Trog.
Trog was most pleased with you.
You visited 1 branch of the dungeon, and saw 4 of its levels.

You collected 293 gold pieces.

Inventory:

Hand Weapons
 a - a +0 flail (weapon)
 d - a +0 mace
 x - a +2 quarterstaff of chaos
Missiles
 o - 5 datura-tipped darts
 s - 6 poisoned darts (quivered)
 u - 31 stones
Armour
 f - a +0 hat (worn)
 v - a +0 robe (worn)
 w - a +2 cloak
Jewellery
 t - an amulet of regeneration (around neck)
 y - a +5 ring of evasion
Wands
 b - a wand of mindburst (12)
Scrolls
 l - 2 scrolls of poison
 q - a scroll of teleportation
Potions
 e - 2 potions of lignification
 h - a potion of heal wounds
 j - 3 potions of curing
 k - a potion of mutation {unknown}
 m - a potion of degeneration {unknown}
 p - a potion of magic
 r - a potion of invisibility


   Skills:
 * Level 4.1 Fighting
 + Level 4.9 Maces & Flails
 + Level 0.3 Throwing
 + Level 3.9 Dodging
 + Level 0.1 Stealth


You had 5 spell levels left.
You didn't know any spells.
Your spell library was empty.

Dungeon Overview and Level Annotations

Branches:
Dungeon (4/15)
 Temple: D:4-7

Altars:
Yredelemnul

Annotations:
D:3 1 runed translucent door, ZoeForever1's ghost, amateur DrTm
D:4 Duvessa


Innate Abilities, Weirdness & Mutations

You are too large for most types of armour.
You have claws for hands.
Your natural rate of healing is unusually fast.
You are covered in fur. (AC +1)
You have tough skin. (AC +1)


Message History

A red film seems to cover your vision as you go berserk!
You feel yourself moving faster!
You feel mighty! Duvessa hits you with a +0 short sword!
The kobold hits you but does no damage. Duvessa barely misses you.
You closely miss Duvessa.
Duvessa is moderately wounded.
The kobold hits you with a +0 short sword.
Duvessa hits you with a +0 short sword.
You closely miss Duvessa.
Duvessa is moderately wounded.
Duvessa hits you with a +0 short sword.
You closely miss Duvessa.
Duvessa is moderately wounded.
The kobold hits you with a +0 short sword.
Duvessa barely misses you.
You sock Duvessa!
Duvessa is heavily wounded.
The kobold barely misses you. Duvessa hits you with a +0 short sword!
You barely miss Duvessa.
Duvessa is heavily wounded.
Duvessa closely misses you.
You sock Duvessa!
Duvessa is severely wounded.
The kobold barely misses you. Duvessa hits you but does no damage.
You closely miss Duvessa.
Duvessa is severely wounded.
Duvessa barely misses you.
The kobold hits you with a +0 short sword.
You barely miss Duvessa.
Duvessa is severely wounded.
Duvessa hits you with a +0 short sword!
* * * LOW HITPOINT WARNING * * *
The kobold hits you but does no damage.
You barely miss Duvessa.
Duvessa is severely wounded.
Duvessa barely misses you.
You closely miss the kobold. Duvessa hits you with a +0 short sword!
* * * LOW HITPOINT WARNING * * *
The kobold closely misses you. Duvessa hits you with a +0 short sword!
You die...

#..###.###.# ##.##...........
......##.......
..............#
......#.#####.#
#.##..#.#####.#
#.#.........#..
#.#######.#..##.###.###
#....K@...#..##.###.###
........e.................
...................##........
.......#.#######..######.###
.# ...#..... .........#
##.### .#### ..#.#.#
##.###.#.# #..... .##.#
..#.#. . #.# #.#.# #..###
.##.###.#.###..##e#
#.#.####..### ...............
... .............


You could see Duvessa (berserk) and a kobold.

Vanquished Creatures
  Sigmund (D:3)
  Dowan (D:4)
  Crazy Yiuf (D:3)
  An iguana (D:4)
  Terence (D:3)
  2 hound zombies (D:3)
  7 adders
  An adder zombie (D:3)
  4 worms
  2 dart slugs
  4 orcs (D:3)
  7 ball pythons
  5 bats
  5 endoplasms
  3 giant cockroaches
  9 goblins
  10 hobgoblins
  7 quokkas
  3 frilled lizards
  8 kobolds
  A quokka zombie (D:3)
  8 rats
91 creatures vanquished.

Notes
Turn   | Place    | Note
-------+----------+-------------------------------------------
     0 | D:1      | jtron the Troll Berserker began the quest for the Orb.
     0 | D:1      | Reached XP level 1. HP: 22/22 MP: 0/0
   167 | D:1      | Reached XP level 2. HP: 29/29 MP: 1/1
   903 | D:2      | Reached XP level 3. HP: 35/36 MP: 2/2
   909 | D:2      | Reached ** piety under Trog
  1147 | D:2      | Reached XP level 4. HP: 44/45 MP: 3/3
  1244 | D:2      | Found a faded altar of an unknown god.
  1398 | D:2      | You fall into a shaft and drop 2 floors!
  1668 | D:3      | Found a basalt altar of Yredelemnul.
  1677 | D:3      | Reached XP level 5. HP: 53/53 MP: 4/4
  1701 | D:3      | Noticed Terence
  1706 | D:3      | Killed Terence
  1713 | D:3      | Found a runed translucent door.
  1736 | D:3      | Reached *** piety under Trog
  1752 | D:3      | Noticed Sigmund
  1767 | D:3      | Killed Sigmund
  1768 | D:3      | Reached XP level 6. HP: 59/62 MP: 5/5
  2086 | D:3      | Found a runed translucent door.
  2087 | D:3      | Noticed Crazy Yiuf
  2427 | D:3      | Noticed ZoeForever1's ghost (amateur DrTm)
  2514 | D:3      | Killed Crazy Yiuf
  2812 | D:4      | Noticed Dowan
  2815 | D:4      | Noticed Duvessa
  2859 | D:4      | Killed Dowan
  3079 | D:4      | Mangled by Duvessa

Illustrated notes

Levels and vault maps discovered:
D:1:      minmay_arrival_semitransparent, layout_loops_corners
D:2:      layout_loops_ring, hellmonk_ecumenical_altar_inner_sanctum
D:3:      corexii_shack_village, layout_loops_ring,
          nicolae_yredelemnul_corpse_copse, ebering_ghost_reflecting_pool,
          minmay_increasing_density, uniq_sigmund, uniq_crazy_yiuf_cottage,
          uniq_terence
D:4:      layout_basic, nicolae_overflow_crystal_walls, uniq_grinder,
          uniq_duvessa

Skill      XL: |  1  2  3  4  5  6 |
---------------+-------------------+-----
Maces & Flails | 3 4 |  4.9
Fighting       | 3 4 |  4.1
Dodging        | 3 |  3.9
Throwing       | |  0.3
Stealth        | |  0.1

Action                     |  1- 3 |  4- 6 || total
---------------------------+-------+-------++-------
  Melee: Flail             |   123 |   243 ||   366
         Punch             |     1 |     1 ||     2
  Throw: Dart              |       |     4 ||     4
 Invoke: Berserk           |       |     1 ||     1
    Use: Scroll            |       |     9 ||     9
         Potion            |       |     1 ||     1
 Armour: Animal skin       |    47 |    60 ||   107
         Robe              |       |    31 ||    31
  Dodge: Dodged            |    81 |   132 ||   213
